APP
BLUEFIELD BLUE JAYS @ TEXAS (APP) RANGERS
06/26/2045
 
TOP OF THE 1ST
Bluefield Blue Jays batting - Pitching for Texas (APP) Rangers : LHP Ken Berger
Pitching: LHP Ken Berger
Batting: RHB Frank Caulfield 0-0: Ball
1-0: SINGLE (Groundball, 56D, EV 106.9 MPH)
Batting: RHB Brock Van Gilder 0-0: Swinging Strike
0-1: Ball
1-1: Ball
2-1: Foul Ball, location: 2F
2-2: Ball
3-2: Fly out, F9 (Flyball, 9S, EV 95.0 MPH)
Batting: RHB Chris Martin 0-0: Ball
1-0: Called Strike
1-1: Ball
2-1: Swinging Strike
2-2: Strikes out swinging
Batting: RHB Tokuji Kawabata 0-0: Called Strike
0-1: Swinging Strike
0-2: Ball
1-2: Foul Ball, location: 2F
1-2: Ball
Frank Caulfield steals 2nd base
2-2: Fly out, F8 (Flyball, 89D, EV 90.6 MPH)
Top of the 1st over - 0 runs, 1 hit, 0 errors, 1 left on base; Bluefield 0 - Texas (APP) 0
BOTTOM OF THE 1ST
Texas (APP) Rangers batting - Pitching for Bluefield Blue Jays : RHP Philip Sonnichsen
Pitching: RHP Philip Sonnichsen
Batting: RHB Jay De Angelis 0-0: Called Strike
0-1: Foul Ball, location: 2F
0-2: Ball
1-2: Foul Ball, location: 2F
1-2: Fly out, F3 (Popup, 3SF, EV 78.8 MPH)
Batting: RHB Luis Reyna 0-0: Ball
1-0: Foul Ball, location: 2F
1-1: Ball
2-1: Swinging Strike
2-2: SINGLE (Groundball, 56D, EV 98.8 MPH)
Batting: LHB Tomoya Hashimoto 0-0: Ball
Luis Reyna is caught stealing 2nd base 2-6
1-0: Foul Ball, location: 2F
1-1: Ground out 3-1 (Groundball, 34S, EV 68.8 MPH)
Bottom of the 1st over - 0 runs, 1 hit, 0 errors, 0 left on base; Bluefield 0 - Texas (APP) 0
TOP OF THE 2ND
Bluefield Blue Jays batting - Pitching for Texas (APP) Rangers : LHP Ken Berger
Batting: RHB Jose Ontiveros 0-0: Ball
1-0: Called Strike
1-1: Foul Ball, location: 2F
1-2: Ball
2-2: Foul Ball, location: 2F
2-2: Ball
3-2: SOLO HOME RUN (Flyball, 78XD, EV 109.4 MPH) (Inside the Park)
Batting: RHB Mike Johnson 0-0: Ball
1-0: Foul Ball, location: 2F
1-1: Ball
2-1: Ball
3-1: Called Strike
3-2: Base on Balls
Batting: LHB Devin Huber 0-0: Ball
1-0: Ball
2-0: Ball
3-0: Called Strike
3-1: Base on Balls
Mike Johnson to second
Batting: RHB Bobby Lasaguna 0-0: Called Strike
0-1: Foul Ball, location: 2F
0-2: Ball
1-2: Ball
2-2: 3-RUN HOME RUN (Flyball, 78XD, EV 105.0 MPH), Distance : 421 ft
Batting: RHB Ed Swafford 0-0: Ball
1-0: Foul Ball, location: 2F
1-1: Foul Ball, location: 2F
1-2: Strikes out swinging
Batting: RHB Frank Caulfield 0-0: Fly out, F8 (Flyball, 8RM, EV 91.2 MPH)
Batting: RHB Brock Van Gilder 0-0: Ball
1-0: Called Strike
1-1: Ball
2-1: Ball
3-1: Base on Balls
Batting: RHB Chris Martin 0-0: Ball
Wild Pitch!
Brock Van Gilder to second
1-0: Swinging Strike
1-1: Ball
2-1: Swinging Strike
2-2: Foul Ball, location: 2F
2-2: Strikes out swinging
Top of the 2nd over - 4 runs, 2 hits, 0 errors, 1 left on base; Bluefield 4 - Texas (APP) 0
BOTTOM OF THE 2ND
Texas (APP) Rangers batting - Pitching for Bluefield Blue Jays : RHP Philip Sonnichsen
Batting: RHB David Redman 0-0: Called Strike
0-1: Ball
1-1: Called Strike
1-2: Ball
2-2: Strikes out swinging
Batting: RHB Salvatore Zamora 0-0: Ball
1-0: Foul Ball, location: 2F
1-1: Foul Ball, location: 2F
1-2: Foul Ball, location: 2F
1-2: Ball
2-2: Foul Ball, location: 2F
2-2: Ball
3-2: Ground out 5-3 (Groundball, 56, EV 82.5 MPH)
Batting: RHB Nick Solberg 0-0: Ball
1-0: Ball
2-0: Ball
3-0: Called Strike
3-1: Foul Ball, location: 2F
3-2: Ground out 5-3 (Groundball, 56S, EV 86.2 MPH)
Bottom of the 2nd over - 0 runs, 0 hits, 0 errors, 0 left on base; Bluefield 4 - Texas (APP) 0
TOP OF THE 3RD
Bluefield Blue Jays batting - Pitching for Texas (APP) Rangers : LHP Ken Berger
Batting: RHB Tokuji Kawabata 0-0: Called Strike
0-1: Foul Ball, location: 2F
0-2: SINGLE (Flyball, 89S, EV 91.9 MPH)
Batting: RHB Jose Ontiveros 0-0: Ball
1-0: Ball
2-0: Called Strike
2-1: Ball
3-1: Called Strike
3-2: Base on Balls
Tokuji Kawabata to second
Batting: RHB Mike Johnson 0-0: Called Strike
0-1: Ball
Passed Ball!
Tokuji Kawabata to third
Jose Ontiveros to second
1-1: Ball
2-1: Foul Ball, location: 2F
2-2: Foul Ball, location: 2F
2-2: Foul Ball, location: 2F
2-2: Ground out 6-3 (Groundball, 6M, EV 105.6 MPH)
Tokuji Kawabata scores
Jose Ontiveros to third
Batting: LHB Devin Huber 0-0: Called Strike
0-1: DOUBLE (Line Drive, 7LS, EV 114.4 MPH)
Jose Ontiveros scores
Pitching: RHP Bryan Bennett
Batting: RHB Bobby Lasaguna 0-0: Fly out, F9 (Flyball, 89S, EV 89.4 MPH)
Batting: RHB Ed Swafford 0-0: Swinging Strike
0-1: Ball
1-1: Foul Ball, location: 2F
1-2: Strikes out swinging
Top of the 3rd over - 2 runs, 2 hits, 0 errors, 1 left on base; Bluefield 6 - Texas (APP) 0
BOTTOM OF THE 3RD
Texas (APP) Rangers batting - Pitching for Bluefield Blue Jays : RHP Philip Sonnichsen
Batting: RHB Rafael Tapia 0-0: Foul Ball, location: 2F
0-1: Foul Ball, location: 2F
0-2: Ball
1-2: Fly out, F8 (Flyball, 8RD, EV 94.4 MPH)
Batting: RHB Luis Solorzano 0-0: Foul Ball, location: 2F
0-1: Swinging Strike
0-2: Ball
1-2: Ball
2-2: Ball
3-2: Foul Ball, location: 2F
3-2: Strikes out swinging
Batting: RHB Carlos Munos 0-0: Ball
1-0: Fly out, F3 (Popup, 23F, EV 82.5 MPH)
Bottom of the 3rd over - 0 runs, 0 hits, 0 errors, 0 left on base; Bluefield 6 - Texas (APP) 0
TOP OF THE 4TH
Bluefield Blue Jays batting - Pitching for Texas (APP) Rangers : RHP Bryan Bennett
Batting: RHB Frank Caulfield 0-0: Fly out, F7 (Line Drive, 7, EV 95.0 MPH)
Batting: RHB Brock Van Gilder 0-0: Ball
1-0: Swinging Strike
1-1: Ball
2-1: Called Strike
2-2: Ball
3-2: Strikes out swinging
Batting: RHB Chris Martin 0-0: Swinging Strike
0-1: Ball
1-1: Foul Ball, location: 2F
1-2: Strikes out swinging
Top of the 4th over - 0 runs, 0 hits, 0 errors, 0 left on base; Bluefield 6 - Texas (APP) 0
BOTTOM OF THE 4TH
Texas (APP) Rangers batting - Pitching for Bluefield Blue Jays : RHP Philip Sonnichsen
Batting: RHB Jay De Angelis 0-0: Ball
1-0: Ground out 1-3 (Groundball, 13S, EV 68.8 MPH)
Batting: RHB Luis Reyna 0-0: Foul Ball, location: 2F
0-1: Foul Ball, location: 2F
0-2: Fly out, F9 (Flyball, 9S, EV 85.6 MPH)
Batting: LHB Tomoya Hashimoto 0-0: Ball
1-0: DOUBLE (Line Drive, 9LM, EV 108.1 MPH)
Batting: RHB David Redman 0-0: Called Strike
0-1: Ball
1-1: Ball
2-1: Ball
3-1: Base on Balls
Batting: RHB Salvatore Zamora 0-0: Ball
1-0: Ball
2-0: Called Strike
2-1: Fly out, F9 (Flyball, 89M, EV 81.9 MPH)
Bottom of the 4th over - 0 runs, 1 hit, 0 errors, 2 left on base; Bluefield 6 - Texas (APP) 0
TOP OF THE 5TH
Bluefield Blue Jays batting - Pitching for Texas (APP) Rangers : RHP Bryan Bennett
Batting: RHB Tokuji Kawabata 0-0: Foul Ball, location: 2F
0-1: Ball
1-1: SOLO HOME RUN (Flyball, 7LD, EV 96.2 MPH), Distance : 367 ft
Batting: RHB Jose Ontiveros 0-0: Ground out 5-3 (Groundball, 56D, EV 88.8 MPH)
Batting: RHB Mike Johnson 0-0: Reached on error, E7 (Flyball, 78M, EV 79.4 MPH)
Batting: LHB Devin Huber 0-0: Called Strike
0-1: Ball
1-1: Ball
2-1: Fly out, F9 (Line Drive, 89S, EV 85.0 MPH)
Batting: RHB Bobby Lasaguna 0-0: Ball
1-0: Ball
2-0: Fielders Choice at 2nd, 5-4 (Groundball, 56, EV 86.9 MPH)
Top of the 5th over - 1 run, 1 hit, 1 error, 1 left on base; Bluefield 7 - Texas (APP) 0
BOTTOM OF THE 5TH
Texas (APP) Rangers batting - Pitching for Bluefield Blue Jays : RHP Philip Sonnichsen
Batting: RHB Nick Solberg 0-0: Foul Ball, location: 2F
0-1: SOLO HOME RUN (Flyball, 7D, EV 100.6 MPH), Distance : 388 ft
Batting: RHB Rafael Tapia 0-0: Swinging Strike
0-1: Called Strike
0-2: Ball
1-2: SOLO HOME RUN (Flyball, 7D, EV 96.2 MPH), Distance : 367 ft
Batting: RHB Luis Solorzano 0-0: Ball
1-0: Called Strike
1-1: Called Strike
1-2: Strikes out looking
Batting: RHB Carlos Munos 0-0: Ball
1-0: Called Strike
1-1: Fly out, F7 (Flyball, 7D, EV 105.0 MPH)
Batting: RHB Jay De Angelis 0-0: Ball
1-0: Ball
2-0: Foul Ball, location: 2F
2-1: SINGLE (Line Drive, 4M, EV 103.8 MPH)
Batting: RHB Luis Reyna 0-0: Ball
1-0: Called Strike
1-1: Swinging Strike
1-2: Ball
2-2: Strikes out swinging
Bottom of the 5th over - 2 runs, 3 hits, 0 errors, 1 left on base; Bluefield 7 - Texas (APP) 2
TOP OF THE 6TH
Bluefield Blue Jays batting - Pitching for Texas (APP) Rangers : RHP Bryan Bennett
Batting: RHB Ed Swafford 0-0: Ball
1-0: Ball
2-0: Foul Ball, location: 2F
2-1: Foul Ball, location: 2F
2-2: Foul Ball, location: 2F
2-2: Ball
3-2: Base on Balls
Batting: RHB Frank Caulfield 0-0: Ball
Ed Swafford is caught stealing 2nd base 2-4
1-0: Foul Ball, location: 2F
1-1: Called Strike
1-2: Ground out 6-3 (Groundball, 6S, EV 75.0 MPH)
Batting: RHB Brock Van Gilder 0-0: Ground out 6-3 (Groundball, 6, EV 83.8 MPH)
Top of the 6th over - 0 runs, 0 hits, 0 errors, 0 left on base; Bluefield 7 - Texas (APP) 2
BOTTOM OF THE 6TH
Texas (APP) Rangers batting - Pitching for Bluefield Blue Jays : RHP Philip Sonnichsen
Batting: LHB Tomoya Hashimoto 0-0: Ball
1-0: Ball
2-0: Reached on error, E9 (Line Drive, 9, EV 94.4 MPH)
Batting: RHB David Redman 0-0: Ball
1-0: Ball
2-0: Ball
3-0: Called Strike
3-1: Ground out 4-3 (Groundball, 4, EV 84.4 MPH)
Tomoya Hashimoto to third
Batting: RHB Salvatore Zamora 0-0: Ball
1-0: Called Strike
1-1: Swinging Strike
1-2: Strikes out swinging
Pitching: RHP Eric Bessire
Batting: RHB Nick Solberg 0-0: Ball
1-0: Ball
2-0: Ball
3-0: Base on Balls
Batting: RHB Rafael Tapia 0-0: Ball
1-0: Ground out 6-3 (Groundball, 6S, EV 68.1 MPH)
Bottom of the 6th over - 0 runs, 0 hits, 1 error, 2 left on base; Bluefield 7 - Texas (APP) 2
TOP OF THE 7TH
Bluefield Blue Jays batting - Pitching for Texas (APP) Rangers : RHP Bryan Bennett
Pitching: LHP Kevin Anderson
Batting: RHB Chris Martin 0-0: Fly out, F8 (Flyball, 8RD, EV 93.8 MPH)
Batting: RHB Tokuji Kawabata 0-0: Called Strike
0-1: Swinging Strike
0-2: Ground out 5-3 (Groundball, 56, EV 83.8 MPH)
Batting: RHB Jose Ontiveros 0-0: SOLO HOME RUN (Flyball, 78XD, EV 105.6 MPH), Distance : 406 ft
Batting: RHB Mike Johnson 0-0: Foul Ball, location: 2F
0-1: Foul Ball, location: 2F
0-2: Ball
1-2: Ball
2-2: Foul Ball, location: 2F
2-2: Ball
3-2: Foul Ball, location: 2F
3-2: Foul Ball, location: 2F
3-2: Fly out, F8 (Flyball, 89S, EV 76.2 MPH)
Top of the 7th over - 1 run, 1 hit, 0 errors, 0 left on base; Bluefield 8 - Texas (APP) 2
BOTTOM OF THE 7TH
Texas (APP) Rangers batting - Pitching for Bluefield Blue Jays : RHP Eric Bessire
Batting: RHB Luis Solorzano 0-0: Ball
1-0: Ball
2-0: Ball
3-0: Ground out 4-3 (Groundball, 4MS, EV 63.1 MPH)
Batting: RHB Carlos Munos 0-0: Ball
1-0: SINGLE (Groundball, 56D, EV 95.0 MPH)
Batting: RHB Jay De Angelis 0-0: Ball
1-0: Called Strike
1-1: Ball
2-1: Swinging Strike
2-2: Strikes out swinging
Batting: RHB Luis Reyna 0-0: Called Strike
0-1: Called Strike
0-2: Ball
1-2: Foul Ball, location: 2F
1-2: Ball
Carlos Munos is caught stealing 2nd base 2-4
Bottom of the 7th over - 0 runs, 1 hit, 0 errors, 0 left on base; Bluefield 8 - Texas (APP) 2
TOP OF THE 8TH
Bluefield Blue Jays batting - Pitching for Texas (APP) Rangers : LHP Kevin Anderson
Batting: LHB Devin Huber 0-0: Ball
1-0: SINGLE (Line Drive, 6D, EV 103.1 MPH)
Batting: RHB Bobby Lasaguna 0-0: Called Strike
0-1: Swinging Strike
0-2: Strikes out swinging
Batting: RHB Ed Swafford 0-0: DOUBLE (Line Drive, 9LS, EV 93.8 MPH)
Devin Huber to third
Batting: RHB Frank Caulfield 0-0: Ball
1-0: DOUBLE (Flyball, 78D, EV 103.8 MPH)
Devin Huber scores
Ed Swafford scores
Pinch Hitting: RHB Gary Wilson 0-0: Ball
1-0: Ball
2-0: Ball
3-0: Base on Balls
Batting: RHB Chris Martin 0-0: Called Strike
0-1: Called Strike
0-2: Strikes out swinging
Batting: RHB Tokuji Kawabata 0-0: Ball
1-0: Ball
2-0: Called Strike
2-1: Fielders Choice at 2nd, 6-4 (Groundball, 6, EV 91.9 MPH)
Top of the 8th over - 2 runs, 3 hits, 0 errors, 2 left on base; Bluefield 10 - Texas (APP) 2
BOTTOM OF THE 8TH
Texas (APP) Rangers batting - Pitching for Bluefield Blue Jays : RHP Eric Bessire
Now at 1B: Gary Wilson
Now at 2B: Chris Martin
Pinch Hitting: RHB Kelly Cole 0-0: Foul Ball, location: 2F
0-1: Called Strike
0-2: Foul Ball, location: 2F
0-2: Ball
1-2: Ball
2-2: Strikes out looking
Batting: LHB Tomoya Hashimoto 0-0: Ball
1-0: Foul Ball, location: 2F
1-1: SINGLE (Flyball, 8RS, EV 89.4 MPH)
Batting: RHB David Redman 0-0: Swinging Strike
0-1: SINGLE (Flyball, 78S, EV 92.5 MPH)
Tomoya Hashimoto to second
Batting: RHB Salvatore Zamora 0-0: Ball
1-0: Called Strike
1-1: Foul Ball, location: 2F
1-2: Ball
2-2: Ball
3-2: Base on Balls
Tomoya Hashimoto to third
David Redman to second
Pitching: RHP Bryan Mattis
Batting: RHB Nick Solberg 0-0: Ball
1-0: Swinging Strike
1-1: Ball
2-1: Ball
3-1: Grounds into double play, U4-3 (Groundball, 6M, EV 80.6 MPH)
Bottom of the 8th over - 0 runs, 2 hits, 0 errors, 2 left on base; Bluefield 10 - Texas (APP) 2
TOP OF THE 9TH
Bluefield Blue Jays batting - Pitching for Texas (APP) Rangers : LHP Kevin Anderson
Now at 1B: Alex Lopez
Batting: RHB Jose Ontiveros 0-0: Ball
1-0: Called Strike
1-1: Foul Ball, location: 2F
1-2: SINGLE (Groundball, 4MD, EV 95.0 MPH)
Pitching: RHP Danny Alvarez
Batting: RHB Mike Johnson 0-0: Called Strike
0-1: Foul Ball, location: 2F
0-2: Ball
1-2: Ball
2-2: Foul Ball, location: 2F
2-2: Ball
3-2: Fly out, F5 (Line Drive, 5, EV 72.5 MPH)
Batting: LHB Devin Huber 0-0: Called Strike
Jose Ontiveros steals 2nd base
0-1: Ball
1-1: Foul Ball, location: 2F
1-2: Foul Ball, location: 2F
1-2: Ball
Wild Pitch!
Jose Ontiveros to third
2-2: Foul Ball, location: 2F
2-2: Foul Ball, location: 2F
2-2: Foul Ball, location: 2F
2-2: Foul Ball, location: 2F
2-2: Foul Ball, location: 2F
2-2: Fly out, F6 (Flyball, 6D, EV 81.2 MPH)
Batting: RHB Bobby Lasaguna 0-0: Ball
1-0: Swinging Strike
1-1: Ball
2-1: Foul Ball, location: 2F
2-2: Ball
3-2: Strikes out swinging
Top of the 9th over - 0 runs, 1 hit, 0 errors, 1 left on base; Bluefield 10 - Texas (APP) 2
BOTTOM OF THE 9TH
Texas (APP) Rangers batting - Pitching for Bluefield Blue Jays : RHP Bryan Mattis
Batting: RHB Rafael Tapia 0-0: Foul Ball, location: 2F
0-1: Ball
1-1: Swinging Strike
1-2: Strikes out swinging
Batting: RHB Luis Solorzano 0-0: Ground out 1-3 (Groundball, 13S, EV 75.6 MPH)
Batting: RHB Carlos Munos 0-0: Called Strike
0-1: Fly out, F9 (Line Drive, 9, EV 93.1 MPH)
Bottom of the 9th over - 0 runs, 0 hits, 0 errors, 0 left on base; Bluefield 10 - Texas (APP) 2
Wednesday, June 22nd , 2022 - OOTP Baseball 23.4 Build 64